 Dungeon Crawl Stone Soup version 0.22.1-1-ga44c0e5 (webtiles) character file.

42770 nightchill the Summoner (level 14, 0/106 HPs)
             Began as a Gnoll Summoner on Oct 11, 2018.
             Was an Initiate of Gozag.
             Slain by a cyan ugly thing (14 damage)
             ... on level 14 of the Dungeon on Oct 15, 2018.
             The game lasted 03:42:58 (31599 turns).

nightchill the Summoner (Gnoll Summoner)           Turns: 31599, Time: 03:43:18

Health: 0/106      AC:  7    Str: 16    XL:     14   Next: 21%
Magic:  26/28      EV: 20    Int: 28    God:    Gozag
Gold:   732        SH:  7    Dex: 20    Spells: 4/33 levels left

rFire    + . .     SeeInvis .   a - +8 mithril axe "Arga" {speed, MR+}
rCold    + . .     Gourm    .   j - +0 buckler
rNeg     + + .     Faith    .   J - +3 robe of Xom's Righteous Fury {+Blink rF+ rC+ Dex+4}
rPois    +         Spirit   .   Q - +2 hat
rElec    .         Reflect  .   R - scarf {cloud immunity}
rCorr    .         Harm     .   B - +1 pair of gloves
MR       ++...                  E - +0 pair of boots
Stlth    +++++.....             u - amulet of regeneration
HPRegen  0.67/turn              z - ring of Sumu {*Corrode rPois rN++ Str+6}
MPRegen  0.21/turn              A - +5 ring of intelligence

@: corroded, gold aura
A: distributed training, fangs 1, strong nose
a: Potion Petition, Call Merchant, Bribe Branch, Renounce Religion, Evoke Blink


You were on level 14 of the Dungeon.
You worshipped Gozag.
Gozag was pleased with you.
You were very hungry.

You visited 4 branches of the dungeon, and saw 24 of its levels.
You also visited: Sewer.

You collected 5733 gold pieces.
You spent 1138 gold pieces at shops.
You paid 3863 gold pieces to Gozag.

Inventory:

Hand Weapons
 a - the +8 mithril axe "Arga" (weapon) {speed, MR+}
   (You took it off an orc warrior on level 14 of the Dungeon)

   Attacks with this weapon are significantly faster.
   It affects your resistance to hostile enchantments.
 b - a +0 hand crossbow of flaming
 m - a +1 lajatang of pain
Missiles
 f - 643 stones
 W - 2 javelins (quivered)
Armour
 j - a +0 buckler (worn)
 t - a +2 leather armour of cold resistance
 B - a +1 pair of gloves (worn)
 E - a +0 pair of boots (worn)
 J - the +3 robe of Xom's Righteous Fury (worn) {+Blink rF+ rC+ Dex+4}
   (You found it on level 5 of the Lair of Beasts)

   It affects your dexterity (+4).
   It protects you from fire.
   It protects you from cold.
   It lets you blink.
 N - the +4 ring mail of Jifora {rPois}
   (You took it off an orc warrior on level 14 of the Dungeon)

   It protects you from poison.
 Q - a +2 hat (worn)
 R - a scarf of cloud immunity (worn)
Jewellery
 u - an amulet of regeneration (around neck)
 z - the ring of Sumu (left hand) {*Corrode rPois rN++ Str+6}
   (You found it on level 4 of the Dungeon)

   [ring of poison resistance]

   It affects your strength (+6).
   It protects you from poison.
   It greatly protects you from negative energy.
   It may corrode you when you take damage.
 A - a +5 ring of intelligence (right hand)
 L - an uncursed ring of protection from cold
 O - an uncursed ring of positive energy
 Z - an uncursed ring of see invisible
Wands
 s - a wand of iceblast (8)
 F - a wand of enslavement (13)
 G - a wand of disintegration (9)
 M - a wand of polymorph (43)
Scrolls
 d - 6 scrolls of fear
 h - a scroll of identify
 i - 6 scrolls of amnesia
 l - a scroll of summoning
 n - a scroll of magic mapping
 o - 2 scrolls of teleportation
 p - 2 scrolls of enchant weapon
 r - 3 scrolls of enchant armour
 w - 11 scrolls of remove curse
 y - 2 scrolls of fog
 K - a scroll of immolation
Potions
 e - 7 potions of might
 g - 5 potions of brilliance
 k - 3 potions of mutation
 q - 2 potions of agility
 v - 2 potions of lignification
 x - 5 potions of curing
 C - a potion of heal wounds
 I - 4 potions of flight
 P - a potion of haste
 U - 2 potions of resistance
 X - a potion of magic {unknown}
Miscellaneous
 D - a phial of floods
 H - a phantom mirror
Comestibles
 c - 11 rations


   Skills:
 + Level 8.9 Fighting
 + Level 8.9 Short Blades
 + Level 8.9 Long Blades
 + Level 8.9 Axes
 + Level 8.9 Maces & Flails
 + Level 8.9 Polearms
 + Level 8.9 Staves
 + Level 8.9 Slings
 + Level 8.9 Bows
 + Level 8.9 Crossbows
 + Level 8.9 Throwing
 + Level 8.9 Armour
 + Level 10.0 Dodging
 + Level 9.8 Stealth
 + Level 8.9 Shields
 + Level 8.9 Unarmed Combat
 + Level 10.1 Spellcasting
 + Level 7.4 Conjurations
 + Level 7.4 Hexes
 + Level 7.4 Charms
 + Level 10.2 Summonings
 + Level 7.4 Necromancy
 + Level 7.4 Translocations
 + Level 7.4 Transmutations
 + Level 7.4 Fire Magic
 + Level 7.4 Ice Magic
 + Level 7.4 Air Magic
 + Level 7.4 Earth Magic
 + Level 7.4 Poison Magic
 + Level 9.6 Invocations
 + Level 8.9 Evocations


You had 4 spell levels left.
You knew the following spells:

 Your Spells              Type           Power        Failure   Level  Hunger
a - Call Canine Familiar  Summ           ######..     1%          3    None
b - Call Imp              Summ           ######..     1%          2    None
c - Summon Lightning Spi  Summ/Air       ######..     1%          4    None
d - Summon Ice Beast      Ice/Summ       ######..     1%          4    None
e - Borgnjor's Vile Clut  Necr/Erth      ######....   5%          5    ###....
f - Summon Mana Viper     Hex/Summ       ######..     3%          5    ###....
g - Iron Shot             Conj/Erth      ######....   28%         6    #####..

Your spell library contained the following spells:

 Spells                   Type           Power        Failure   Level  Hunger
 Corona                   Hex            ######.      1%          1    None
 Magic Dart               Conj           ####         1%          1    None
 Summon Small Mammal      Summ           ####         1%          1    None
 Ensorcelled Hibernation  Hex/Ice        ######       1%          2    None
 Searing Ray              Conj           ######       1%          2    None
 Dazzling Spray           Conj/Hex       ######       1%          3    None
 Mephitic Cloud           Conj/Pois/Air  ######..     1%          3    None
 Static Discharge         Conj/Air       ######..     1%          3    None
 Summon Guardian Golem    Hex/Summ       ######..     1%          3    None
 Force Lance              Conj/Tloc      ######..     1%          4    None
 Fulminant Prism          Conj/Hex       ######....   1%          4    None
 Iskenderun's Mystic Bla  Conj           ######..     1%          4    None
 Lightning Bolt           Conj/Air       ######....   5%          5    ###....
 Silence                  Hex/Air        ######....   5%          5    ###....
 Ozocubu's Refrigeration  Ice            ######....   28%         6    #####..
 Ignition                 Fire           ######....   100%        8    #######
 Shatter                  Erth           ######....   100%        9    #######
 Tornado                  Air            ######....   100%        9    #######


Dungeon Overview and Level Annotations

Branches:
Dungeon (14/15)            Temple (1/1) D:7            Lair (5/6) D:9
  Swamp (4/4) Lair:4       Spider (0/4) Lair:2        Slime (0/5) Lair:5
    Orc (0/2) D:11
 Vaults: D:13-14

Altars:
Ashenzari
Cheibriados
Dithmenos
Elyvilon
Fedhas
Gozag
Hepliaklqana
Kikubaaqudgha
Nemelex Xobeh
Okawaru
Qazlal
Ru
Sif Muna
Trog
Uskayaw
Vehumet
Wu Jian
Xom
Yredelemnul
Zin
The Shining One
Beogh
Jiyva

Shops:
D:4 *   D:5 !   D:8 (*   Lair:1 %   Swamp:1 :

Annotations:
D:4 exclusion: 2 downstairs
D:7 1 runed door, exclusion: door
D:8 1 runed door, exclusion: door, Kay's ghost, novice MiBe
D:9 1 runed door, exclusions: door and downstairs, brandon's ghost, novice MiBe
D:12 exclusion: 3 downstairs
D:14 Louise
Lair:1 3 runed doors, exclusions: 3 doors and downstairs, Starchild's ghost, journeyman FoGl; emiel's ghost, journeyman VSSk; zapotec's ghost, journeyman DECj
Lair:3 3 runed doors, exclusions: 3 doors and downstairs, Tuusy's ghost, journeyman MfBe
Lair:4 rupert, exclusions: 3 doors and downstairs, Rupert; Wilfredo's ghost, journeyman DrFE
Swamp:2 Roxanne
Swamp:3 exclusion: 2 upstairs


Innate Abilities, Weirdness & Mutations

Your experience applies equally to all skills.
You have very sharp teeth.
Your uncanny sense of smell can sniff out nearby items.


Message History

You hit the cyan ugly thing. The cyan ugly thing closely misses you.
You closely miss the cyan ugly thing.
The cyan ugly thing is severely wounded.
Your lightning spire shoots out a bolt of lightning at the cyan ugly thing!
The bolt of electricity hits the cyan ugly thing.
The cyan ugly thing resists.
You closely miss the cyan ugly thing.
The cyan ugly thing is severely wounded.
The cyan ugly thing tail-slaps you. The cyan ugly thing shocks you!
* * * LOW HITPOINT WARNING * * *
You closely miss the cyan ugly thing.
The cyan ugly thing is severely wounded.
The cyan ugly thing misses you.
You hit the cyan ugly thing. Your bite misses the cyan ugly thing.
The cyan ugly thing is severely wounded.
The cyan ugly thing tail-slaps you!
* * * LOW HITPOINT WARNING * * *
Your corrosive artefact corrodes you!
The cyan ugly thing shocks you!
You die...
Your body crumbles into a pile of gold.

#.... ###.#...#......##..#))#
#..... ......#...#......#...#..'
...i........................#).#
.#=......................#..#))#
.................#..####
................#..#[[#
##.....##...####..#.[#
#..u$.####....#..#/.' #.[8@.#
#.##.#..#[[#
#.....#######.#..#[[#
#................####
#....#########....##( ######
#....##( #.....## #.....##
#......# ##.....#


You could see a cyan ugly thing and a friendly lightning spire.

Vanquished Creatures
  Agnes (D:14)
  A centaur warrior (D:13)
  An alligator (Swamp:1)
  2 ugly things (D:14)
  An elephant (Lair:3)
  3 spiny frogs
  2 tyrant leeches
  A jumping spider (Lair:2)
  3 hornets
  2 hippogriffs
  A blink frog (Swamp:3)
  2 bog bodies
  A spriggan (Swamp:2)
  2 shadows (Swamp:2)
  5 yaks
  A wyvern (Lair:4)
  4 vampire mosquitoes
  2 water moccasins (Lair:2)
  A swamp drake (Swamp:2)
  A porcupine (Lair:1)
  An ice beast (D:12)
  A phantom (D:10)
  A hornet zombie (D:12)
  A centaur (D:9)
  2 crocodiles
  4 bullfrogs
  A wyvern zombie (D:8)
  A water moccasin skeleton (D:9)
  A killer bee (D:12)
  A wight (D:9)
  A crimson imp (D:11)
  A hound (D:5)
  A centaur zombie (D:9)
  2 orc priests
  A bullfrog skeleton (D:10)
  3 jellies
  An orc wizard (D:14)
  2 centaur skeletons
  2 iguanas
  2 worker ants
  A hound zombie (D:9)
  2 adders
  4 shadow imps
  6 leopard geckos
  9 orcs
  7 giant cockroaches
  7 hobgoblins
  2 jackals (Sewer)
  4 kobolds
  4 quokkas
  A ball python (Sewer)
  4 bats
  A frilled lizard (D:2)
  4 goblins
  11 rats
134 creatures vanquished.

Vanquished Creatures (collateral kills)
  Gastronok (D:8)
  Nessos (D:12)
  Harold (D:9)
  Erolcha (D:10)
  A rakshasa (D:13)
  8 hydras
  3 two-headed ogres
  5 centaur warriors
  A ghost crab (Swamp:2)
  7 alligators
  2 death yaks (Lair:4)
  2 tengu warriors (D:13)
  Urug (D:10)
  Nergalle (D:12)
  2 shambling mangroves
  4 unseen horrors
  A swamp dragon (Swamp:1)
  An orc knight (D:14)
  9 ugly things
  An oklob plant (Lair:1)
  A cyclops (D:13)
  A black mamba (shapeshifter) (D:13)
  A black mamba (Lair:4)
  3 elephants
  3 spiny frogs
  A freezing wraith (D:12)
  A centaur skeleton (D:13)
  A gargoyle (D:14)
  4 komodo dragons
  A tengu conjurer (D:13)
  8 tyrant leeches
  4 trolls
  A jumping spider (Lair:2)
  11 blink frogs
  10 hornets
  8 bog bodies
  8 hippogriffs
  A hippogriff (shapeshifter) (D:13)
  7 dream sheep (Lair:5)
  4 slime creatures (Swamp:1)
  3 shadows (Swamp:2)
  A redback (Lair:2)
  20 yaks
  A wraith (D:12)
  6 spriggans
  3 hogs (D:7)
  A human (D:7)
  6 vampire mosquitoes
  2 basilisks
  2 hungry ghosts
  Grum (D:10)
  8 swamp worms
  A soldier ant (D:10)
  7 porcupines
  6 water moccasins
  3 sky beasts
  7 swamp drakes
  21 orc warriors
  2 ice beasts
  A black bear (D:9)
  A necrophage (D:11)
  3 phantoms
  An eye of draining (D:12)
  7 ogres
  12 wolves
  5 crocodiles
  9 centaurs
  7 bullfrogs
  A big kobold (D:7)
  5 scorpions
  7 killer bees
  7 wights (D:9)
  5 howler monkeys
  4 crimson imps
  2 quasits
  2 bullfrog skeletons
  3 hounds
  3 jellies
  17 orc wizards
  11 orc priests
  5 iguanas
  Ijyb (D:3)
  5 worker ants
  2 worker ant zombies
  A gnoll (D:7)
  A howler monkey skeleton (D:6)
  11 adders
  A shadow imp (D:6)
  5 worms
  A dart slug (D:1)
  3 leopard geckos
  52 orcs
  6 ball pythons
  2 giant cockroaches
  11 goblins
  5 hobgoblins
  11 jackals
  11 kobolds
  2 quokkas (D:6)
  4 bats
  3 frilled lizards
  2 rats
  A fungus (Lair:1)
  A plant (Lair:3)
  A withered plant (Swamp:2)
494 creatures vanquished.

Vanquished Creatures (others)
  5 fungi
  5 plants (Lair:5)
  41 withered plants
51 creatures vanquished.

Grand Total: 679 creatures vanquished

Notes
Turn   | Place    | Note
-------+----------+-------------------------------------------
     0 | D:1      | nightchill the Gnoll Summoner began the quest for the Orb.
     0 | D:1      | Reached XP level 1. HP: 13/13 MP: 6/6
   567 | D:1      | Reached XP level 2. HP: 19/19 MP: 5/7
   586 | D:1      | Learned a level 2 spell: Call Imp
  1325 | D:1      | Reached XP level 3. HP: 25/25 MP: 9/9
  1403 | D:2      | Reached skill level 5 in Spellcasting
  1501 | D:2      | Found a white marble altar of Elyvilon.
  1503 | D:2      | Found a snail-covered altar of Cheibriados.
  1665 | D:2      | Reached skill level 1 in Invocations
  1749 | D:2      | Found a shattered altar of Ashenzari.
  1899 | D:2      | Found a hide-covered altar of Uskayaw.
  2340 | D:3      | Found a faded altar of an unknown god.
  2460 | D:3      | Reached skill level 1 in Fighting
  2460 | D:3      | Reached skill level 1 in Short Blades
  2460 | D:3      | Reached skill level 1 in Long Blades
  2460 | D:3      | Reached skill level 1 in Axes
  2460 | D:3      | Reached skill level 1 in Maces & Flails
  2460 | D:3      | Reached skill level 1 in Polearms
  2460 | D:3      | Reached skill level 1 in Staves
  2460 | D:3      | Reached skill level 1 in Slings
  2460 | D:3      | Reached skill level 1 in Bows
  2460 | D:3      | Reached skill level 1 in Crossbows
  2460 | D:3      | Reached skill level 1 in Throwing
  2460 | D:3      | Reached skill level 1 in Armour
  2460 | D:3      | Reached skill level 1 in Shields
  2460 | D:3      | Reached skill level 1 in Unarmed Combat
  2460 | D:3      | Reached skill level 1 in Evocations
  2488 | D:3      | Reached XP level 4. HP: 21/32 MP: 7/11
  2597 | D:3      | Learned a level 4 spell: Summon Lightning Spire
  2602 | D:3      | Learned a level 4 spell: Summon Ice Beast
  2890 | D:3      | Reached skill level 1 in Conjurations
  2890 | D:3      | Reached skill level 1 in Hexes
  2890 | D:3      | Reached skill level 1 in Charms
  2890 | D:3      | Reached skill level 1 in Necromancy
  2890 | D:3      | Reached skill level 1 in Translocations
  2890 | D:3      | Reached skill level 1 in Transmutations
  2890 | D:3      | Reached skill level 1 in Fire Magic
  2890 | D:3      | Reached skill level 1 in Ice Magic
  2890 | D:3      | Reached skill level 1 in Air Magic
  2890 | D:3      | Reached skill level 1 in Earth Magic
  2890 | D:3      | Reached skill level 1 in Poison Magic
  3120 | D:3      | Noticed Ijyb
  3134 | D:3      | Killed Ijyb
  3207 | D:3      | Reached XP level 5. HP: 37/37 MP: 12/12
  3622 | D:4      | Got a transparent granite ring
  4094 | D:4      | Found a hazy altar of Hepliaklqana.
  4211 | D:4      | Found Ewihym's Assorted Antiques.
  4702 | D:5      | Entered Level 5 of the Dungeon
  4702 | D:5      | Noticed a phantom
  4817 | D:5      | Reached XP level 6. HP: 43/44 MP: 8/13
  4945 | D:5      | Found a glowing drain.
  4963 | D:5      | Killed a phantom
  5093 | Sewer    | Entered a sewer
  5637 | D:5      | Reached skill level 5 in Dodging
  5800 | D:5      | Identified the ring of Sumu {*Corrode rPois rN++ Str+6}
                  | (You found it on level 4 of the Dungeon)
  5814 | D:5      | Found an ornate altar of the Wu Jian Council.
  5844 | D:5      | Noticed a sky beast
  6138 | D:5      | Reached XP level 7. HP: 50/50 MP: 15/15
  6521 | D:5      | Found a glowing silver altar of Zin.
  6642 | D:5      | Found Itezuesu's Distillery.
  6648 | D:5      | Bought a potion of heal wounds for 65 gold pieces
  6648 | D:5      | Bought a potion of heal wounds for 65 gold pieces
  6878 | D:6      | Reached skill level 5 in Stealth
  7649 | D:7      | Reached XP level 8. HP: 57/57 MP: 9/16
  7656 | D:7      | Noticed a hippogriff
  7675 | D:7      | Killed a hippogriff
  8222 | D:7      | Found a staircase to the Ecumenical Temple.
  8233 | Temple   | Entered the Ecumenical Temple
  8262 | Temple   | Became a worshipper of Gozag Ym Sagoz the Greedy
  8309 | D:7      | Noticed a yak
  8328 | D:7      | Killed a yak
  8446 | D:7      | Found a runed door.
  8459 | D:7      | Noticed a sixfirhy
  8791 | D:7      | Found an iron altar of Okawaru.
  8792 | D:7      | Found a bloodstained altar of Trog.
  9156 | D:8      | Noticed a two-headed ogre
  9168 | D:8      | Killed a two-headed ogre
  9168 | D:8      | Reached XP level 9. HP: 65/65 MP: 10/18
  9233 | D:8      | Found a runed door.
  9233 | D:8      | Found a shimmering altar of Xom.
  9233 | D:8      | Noticed Kay's ghost (novice MiBe)
  9233 | D:8      | Noticed a trident of chaos
  9328 | D:8      | Found Exerphot's Antique Weapon Emporium.
  9414 | D:8      | Noticed Gastronok
  9436 | D:8      | Killed Gastronok
  9436 | D:8      | Reached skill level 5 in Invocations
  9675 | D:8      | Found Samanuh's General Store.
 10111 | D:9      | Found a sacrificial altar of Ru.
 10257 | D:9      | Found an iron altar of Okawaru.
 10303 | D:9      | Reached XP level 10. HP: 73/73 MP: 9/20
 10395 | D:9      | Found a basalt altar of Yredelemnul.
 10464 | D:9      | Noticed Harold
 10483 | D:9      | Killed Harold
 10677 | D:9      | Reached skill level 5 in Fighting
 10677 | D:9      | Reached skill level 5 in Short Blades
 10677 | D:9      | Reached skill level 5 in Long Blades
 10677 | D:9      | Reached skill level 5 in Axes
 10677 | D:9      | Reached skill level 5 in Maces & Flails
 10677 | D:9      | Reached skill level 5 in Polearms
 10677 | D:9      | Reached skill level 5 in Staves
 10677 | D:9      | Reached skill level 5 in Slings
 10677 | D:9      | Reached skill level 5 in Bows
 10677 | D:9      | Reached skill level 5 in Crossbows
 10677 | D:9      | Reached skill level 5 in Throwing
 10677 | D:9      | Reached skill level 5 in Armour
 10677 | D:9      | Reached skill level 5 in Shields
 10677 | D:9      | Reached skill level 5 in Unarmed Combat
 10677 | D:9      | Reached skill level 5 in Evocations
 11029 | D:9      | Found a runed door.
 11032 | D:9      | Noticed brandon's ghost (novice MiBe)
 11315 | D:9      | Found a staircase to the Lair.
 11666 | D:10     | Entered Level 10 of the Dungeon
 11802 | Lair:1   | Entered Level 1 of the Lair of Beasts
 11802 | Lair:1   | Found a white marble altar of Elyvilon.
 11802 | Lair:1   | Noticed an oklob plant
 11825 | Lair:1   | Killed an oklob plant
 12072 | Lair:1   | Found a dark tunnel.
 12177 | Lair:1   | Noticed a spiny frog
 12243 | D:9      | Killed a spiny frog
 13201 | Lair:1   | Found a runed gate.
 13202 | Lair:1   | Found a runed gate.
 13202 | Lair:1   | Found a runed gate.
 13203 | Lair:1   | Noticed emiel's ghost (journeyman VSSk)
 13204 | Lair:1   | Noticed zapotec's ghost (journeyman DECj)
 13204 | Lair:1   | Noticed Starchild's ghost (journeyman FoGl)
 13206 | Lair:1   | Found the amulet of the Four Winds {rN+ MR+++ Clar}
 13942 | Lair:2   | Reached XP level 11. HP: 72/81 MP: 18/22
 14145 | Lair:2   | Found a hole to the Spider Nest.
 15069 | Lair:3   | Reached skill level 5 in Conjurations
 15069 | Lair:3   | Reached skill level 5 in Hexes
 15069 | Lair:3   | Reached skill level 5 in Charms
 15069 | Lair:3   | Reached skill level 5 in Necromancy
 15069 | Lair:3   | Reached skill level 5 in Translocations
 15069 | Lair:3   | Reached skill level 5 in Transmutations
 15069 | Lair:3   | Reached skill level 5 in Fire Magic
 15069 | Lair:3   | Reached skill level 5 in Ice Magic
 15069 | Lair:3   | Reached skill level 5 in Air Magic
 15069 | Lair:3   | Reached skill level 5 in Earth Magic
 15069 | Lair:3   | Reached skill level 5 in Poison Magic
 15122 | Lair:3   | Noticed a four-headed hydra
 15130 | Lair:3   | Killed a five-headed hydra
 15633 | Lair:3   | Found a runed gate.
 15634 | Lair:3   | Found a runed gate.
 15637 | Lair:3   | Noticed Tuusy's ghost (journeyman MfBe)
 15640 | Lair:3   | Noticed a lindwurm
 15665 | Lair:3   | Found a runed gate.
 16164 | Lair:4   | Noticed a death yak
 16168 | Lair:4   | Noticed a death yak
 16356 | Lair:4   | Found a staircase to the Swamp.
 16817 | Lair:4   | Killed a death yak
 16828 | Lair:4   | Killed a death yak
 16985 | Lair:4   | Noticed Wilfredo's ghost (journeyman DrFE)
 16985 | Lair:4   | Noticed a death ooze
 16986 | Lair:4   | Found a runed gate.
 16986 | Lair:4   | Found a runed gate.
 16986 | Lair:4   | Found a runed gate.
 16987 | Lair:4   | Found a viscous altar of Jiyva.
 17784 | Lair:5   | Noticed Rupert
 17835 | Lair:4   | Paralysed by Rupert for 5 turns
 18121 | Lair:5   | Found a staircase to the Slime Pits.
 18339 | Lair:5   | Reached XP level 12. HP: 69/89 MP: 16/24
 18515 | Lair:5   | Got a faintly humming robe
 18522 | Lair:5   | Identified the +3 robe of Xom's Righteous Fury {+Blink rF+
                  | rC+ Dex+4} (You found it on level 5 of the Lair of Beasts)
 18985 | Lair:4   | Paralysed by Rupert for 5 turns
 19498 | D:9      | Learned a level 3 spell: Call Canine Familiar
 19574 | D:10     | Noticed Erolcha
 19582 | D:10     | Killed Erolcha
 19872 | D:10     | Noticed Grum
 19876 | D:10     | Killed Grum
 20035 | D:10     | Noticed Urug
 20055 | D:10     | Killed Urug
 20333 | D:10     | Noticed a five-headed hydra
 20342 | D:10     | Killed a five-headed hydra
 20940 | D:11     | Found a staircase to the Orcish Mines.
 21604 | D:11     | Found a roughly hewn altar of Beogh.
 22084 | D:12     | Noticed an eight-headed hydra
 22101 | D:12     | Killed an eight-headed hydra
 22442 | D:12     | Noticed Nergalle
 22580 | D:12     | Killed Nergalle
 22692 | D:12     | Noticed Nessos
 22709 | D:12     | Killed Nessos
 23613 | D:13     | Noticed a centaur warrior
 23623 | D:13     | Killed a centaur warrior
 23764 | D:13     | Noticed a centaur warrior
 23764 | D:13     | Noticed a tengu warrior
 23767 | D:13     | Noticed a rakshasa
 23795 | D:13     | Killed a tengu warrior
 23810 | D:13     | Noticed a tengu warrior
 23822 | D:13     | Killed a centaur warrior
 24109 | Swamp:1  | Entered Level 1 of the Swamp
 24109 | Swamp:1  | Noticed an alligator
 24118 | Swamp:1  | Killed an alligator
 24262 | Swamp:1  | Noticed an alligator
 24286 | Swamp:1  | Killed an alligator
 24402 | Swamp:1  | Noticed an eight-headed hydra
 24565 | Swamp:1  | Bought the Papyrus of Ashen Execration for 1008 gold pieces
 24571 | Swamp:1  | Learned a level 5 spell: Borgnjor's Vile Clutch
 24577 | Swamp:1  | Learned a level 5 spell: Summon Mana Viper
 24584 | Swamp:1  | Learned a level 6 spell: Iron Shot
 24609 | Swamp:1  | Noticed an alligator
 24631 | Swamp:1  | Killed an alligator
 24909 | Swamp:1  | Reached XP level 13. HP: 98/98 MP: 14/26
 26313 | Swamp:2  | Noticed a ghoul
 26313 | Swamp:2  | Noticed Roxanne
 27536 | Swamp:2  | Noticed a thorn hunter
 27570 | Swamp:3  | Reached skill level 10 in Summonings
 27658 | Swamp:4  | Entered Level 4 of the Swamp
 29283 | D:13     | Killed a rakshasa
 29640 | D:14     | Reached skill level 10 in Spellcasting
 29777 | D:14     | Noticed Agnes
 29815 | D:14     | Reached XP level 14. HP: 98/106 MP: 11/28
 29963 | D:14     | Noticed Louise
 30551 | D:14     | Identified the Catalogue of the Frigorific Birds
 31252 | D:14     | Got a dazzling ring mail
 31281 | D:14     | Identified the +4 ring mail of Jifora {rPois} (You took it
                  | off an orc warrior on level 14 of the Dungeon)
 31309 | D:14     | Got a brightly glowing scale mail
 31337 | D:14     | Identified the +9 scale mail of Wifig {rC- MP+9 Str+4
                  | Dex+4} (You took it off an orc warrior on level 14 of the
                  | Dungeon)
 31366 | D:14     | Found an iron altar of Okawaru.
 31370 | D:14     | Reached skill level 10 in Dodging
 31487 | D:14     | Killed Agnes
 31599 | D:14     | Slain by a cyan ugly thing

Skill      XL: |  1  2  3  4  5  6  7  8  9 10 11 12 13 14 |
---------------+-------------------------------------------+-----
Spellcasting   | 5 6 7 8 9 10 | 10.1
Invocations    | 1 2 3 4 5 6 7 8 9 |  9.6
Fighting       | 1 2 3 4 5 6 7 8 |  8.9
Short Blades   | 1 2 3 4 5 6 7 8 |  8.9
Long Blades    | 1 2 3 4 5 6 7 8 |  8.9
Axes           | 1 2 3 4 5 6 7 8 |  8.9
Maces & Flails | 1 2 3 4 5 6 7 8 |  8.9
Polearms       | 1 2 3 4 5 6 7 8 |  8.9
Staves         | 1 2 3 4 5 6 7 8 |  8.9
Slings         | 1 2 3 4 5 6 7 8 |  8.9
Bows           | 1 2 3 4 5 6 7 8 |  8.9
Crossbows      | 1 2 3 4 5 6 7 8 |  8.9
Throwing       | 1 2 3 4 5 6 7 8 |  8.9
Armour         | 1 2 3 4 5 6 7 8 |  8.9
Shields        | 1 2 3 4 5 6 7 8 |  8.9
Unarmed Combat | 1 2 3 4 5 6 7 8 |  8.9
Evocations     | 1 2 3 4 5 6 7 8 |  8.9
Conjurations   | 1 2 3 4 5 6 7 |  7.4
Hexes          | 1 2 3 4 5 6 7 |  7.4
Charms         | 1 2 3 4 5 6 7 |  7.4
Necromancy     | 1 2 3 4 5 6 7 |  7.4
Translocations | 1 2 3 4 5 6 7 |  7.4
Transmutations | 1 2 3 4 5 6 7 |  7.4
Fire Magic     | 1 2 3 4 5 6 7 |  7.4
Ice Magic      | 1 2 3 4 5 6 7 |  7.4
Air Magic      | 1 2 3 4 5 6 7 |  7.4
Earth Magic    | 1 2 3 4 5 6 7 |  7.4
Poison Magic   | 1 2 3 4 5 6 7 |  7.4
Dodging        | 5 6 7 8 9 10 | 10.0
Stealth        | 5 6 7 8 9 |  9.8
Summonings     | 8 9 10 | 10.2

Action                   |  1- 3 |  4- 6 |  7- 9 | 10-12 | 13-15 || total
-------------------------+-------+-------+-------+-------+-------++-------
Melee: Mace              |    34 |       |       |       |       ||    34
       Bite              |     6 |    10 |     9 |    48 |    27 ||   100
       Dagger            |    42 |    87 |   100 |    33 |       ||   262
       Punch             |       |     2 |       |     6 |       ||     8
       Long sword        |       |       |       |   204 |   135 ||   339
       Broad axe         |       |       |       |       |    17 ||    17
 Fire: Hunting sling     |       |       |       |     3 |       ||     3
Throw: Stone             |     4 |     5 |     4 |     7 |     1 ||    21
       Javelin           |       |       |       |     1 |     5 ||     6
 Cast: Summon Small Mamm |    14 |       |       |       |       ||    14
       Call Imp          |    14 |    27 |    57 |   109 |       ||   207
       Summon Ice Beast  |       |     7 |     7 |   101 |    67 ||   182
       Summon Lightning  |       |    14 |    23 |   112 |    97 ||   246
       Call Canine Famil |       |       |       |    27 |    20 ||    47
       Borgnjor's Vile C |       |       |       |     1 |     7 ||     8
       Summon Mana Viper |       |       |       |       |     4 ||     4
Invok: Potion Petition   |       |       |       |     4 |     4 ||     8
       Call Merchant     |       |       |       |     2 |       ||     2
 Abil: Evoke Blink       |       |       |       |     2 |     1 ||     3
Evoke: Wand              |       |       |       |     4 |     6 ||    10
  Use: Scroll            |       |    14 |     5 |    13 |    12 ||    44
       Potion            |       |       |       |     6 |     3 ||     9
 Stab: Sleeping          |     4 |     5 |     3 |     4 |       ||    16
       Distracted        |       |     1 |       |    15 |    10 ||    26
  Eat: Chunk             |     5 |    11 |    10 |       |       ||    26
       Ration            |       |     1 |     2 |    15 |     6 ||    24
Armor: Robe              |    14 |    17 |    20 |    25 |    83 ||   159
       Leather armour    |       |       |       |    38 |       ||    38
Dodge: Dodged            |    58 |    60 |    75 |   279 |   244 ||   716
Block: Buckler           |       |       |       |    25 |    90 ||   115
       Rpst.: Long sword |       |       |       |    67 |    32 ||    99
